 Dungeon Crawl Stone Soup version 0.28.0 (webtiles) character file.

Game seed: 9370565125634944184

35 fragbeetle the Bolt Thrower (level 3, -2/20 HPs)
             Began as a Kobold Arcane Marksman on Feb 12, 2022.
             Slain by a hobgoblin (4 damage)
             ... on level 2 of the Dungeon.
             The game lasted 00:02:44 (1496 turns).

fragbeetle the Bolt Thrower (KoAM)                  Turns: 1496, Time: 00:02:44

Health: -2/20      AC:  2    Str:  9    XL:     3   Next: 52%
Magic:  4/4        EV: 15    Int: 14    God:
Gold:   31         SH:  0    Dex: 15    Spells: 3/4 levels left

rFire   . . .      SeeInvis .   a - +0 hand crossbow
rCold   . . .      Faith    .   (no shield)
rNeg    . . .      Spirit   .   d - +0 robe
rPois   .          Reflect  .   (no helmet)
rElec   .          Harm     .   (no cloak)
rCorr   .          Rampage  .   (no gloves)
Will    .....                   (no boots)
Stlth   +++.......              (no amulet)
HPRegen 0.06/turn               (no ring)
MPRegen 0.09/turn               (no ring)

@: no status effects
A: small, no large weapons, nightstalker 3
a: no special abilities


You were on level 2 of the Dungeon.
You visited 1 branch of the dungeon, and saw 2 of its levels.

You collected 31 gold pieces.

Inventory:

Hand Weapons
 a - a +0 hand crossbow (weapon)
 b - a +0 dagger
Missiles
 c - 12 bolts (quivered ammo)
Armour
 d - a +0 robe (worn)
Jewellery
 f - a ring of poison resistance
Scrolls
 e - a scroll of amnesia {unknown}
 i - a scroll of enchant armour {unknown}
 j - a scroll of identify {unknown}
Potions
 g - a potion of berserk rage {unknown}
 h - a potion of lignification {unknown}
 k - a potion of magic {unknown}


   Skills:
 - Level 1.1 Fighting
 * Level 2.2 Short Blades
 - Level 3.2 Crossbows
 - Level 2.4 Dodging
 + Level 2.1 Stealth
 - Level 1.1 Spellcasting
 - Level 3.0 Hexes


You had 3 spell levels left.
You knew the following spells:

 Your Spells              Type           Power      Damage    Failure   Level
a - Slow                  Hex            36%        N/A       8%          1

Your spell library contained the following spells:

 Spells                   Type           Power      Damage    Failure   Level
 Inner Flame              Hex/Fire       4%         N/A       38%         3
 Portal Projectile        Hex/Tloc       8%         N/A       38%         3
 Conjure Flame            Conj/Fire      0%         6-21      61%         3
 Ignite Poison            Fire/Tmut/Pois 0%         N/A       61%         3
 Cause Fear               Hex            4%         N/A       58%         4
 Sticky Flame             Conj/Fire      0%         2d3       95%         4


Dungeon Overview and Level Annotations

Branches:
Dungeon (2/15)

Altars:


Innate Abilities, Weirdness & Mutations

You are small and have problems with some larger weapons.
You are completely attuned to the shadows.


Message History

The quokka is heavily wounded.
The quokka bites you.
* * * LOW HITPOINT WARNING * * *
You closely miss the quokka.
The quokka is heavily wounded.
The quokka completely misses you.
You hit the quokka but do no damage.
The quokka is heavily wounded.
The quokka bites you.
* * * LOW HITPOINT WARNING * * *
You barely miss the quokka.
The quokka is heavily wounded.
The quokka closely misses you.
Okay, then.
a - a +0 hand crossbow (weapon)
You are too injured to fight recklessly!
Fire: 16 bolts
Press: ? - help, Q - select action, (/) - cycle Shift-Dir - straight line, f - quokka
Aim: a quokka (heavily wounded, 53% to hit)
You shoot a bolt. The bolt hits the quokka!
You kill the quokka!
Fire: 15 bolts
Press: ? - help, Q - select action, (/) - cycle Shift-Dir - straight line, f - hobgoblin
Aim: a hobgoblin, wearing a +0 ring mail (66% to hit)
You shoot a bolt. The bolt hits the hobgoblin.
The hobgoblin is heavily wounded.
The hobgoblin misses you.
Fire: 14 bolts
Press: ? - help, Q - select action, (/) - cycle Shift-Dir - straight line, f/p - hobgoblin
Aim: a hobgoblin, wearing a +0 ring mail (heavily wounded, 66% to hit)
You shoot a bolt. The bolt closely misses the hobgoblin.
The hobgoblin completely misses you. The hobgoblin barely misses you.
Fire: 13 bolts
Press: ? - help, Q - select action, (/) - cycle Shift-Dir - straight line, f/p - hobgoblin
Aim: a hobgoblin, wearing a +0 ring mail (heavily wounded, 66% to hit)
You shoot a bolt.
The bolt hits the hobgoblin but does no damage.
The hobgoblin is heavily wounded.
The hobgoblin hits you.
You die...

.......>.....
.....(#..h...
##..#....#....#
....#....#....##
###..............
.................
.................
#..#.#.#g##......
#..#.#.#@##....##
#.#..#.#.#.##....#
#.#....#.#.##....#
...........#
#.#...##.#.#
#.#...##.#.#
.....÷.....##.
#.#†..........
###...........


You could see a hobgoblin.

Vanquished Creatures
  A dart slug (D:1)
  6 bats
  An endoplasm (D:1)
  4 goblins (D:1)
  3 hobgoblins
  5 jackals
  A quokka (D:2)
  4 ball pythons
  A frilled lizard (D:1)
  2 kobolds (D:1)
  3 rats (D:1)
31 creatures vanquished.

Notes
Turn   | Place    | Note
-------+----------+-------------------------------------------
     0 | D:1      | fragbeetle the Kobold Arcane Marksman began the quest for
                  | the Orb.
     0 | D:1      | Reached XP level 1. HP: 12/12 MP: 2/2
    69 | D:1      | Reached skill level 1 in Stealth
    72 | D:1      | Reached XP level 2. HP: 16/16 MP: 3/3
   483 | D:1      | Reached skill level 1 in Short Blades
   760 | D:1      | Reached XP level 3. HP: 20/20 MP: 4/4
  1496 | D:2      | Slain by a hobgoblin

Illustrated notes

Levels and vault maps discovered:
D:1:      scummos_arrival_forest, layout_basic, hangedman_decor_slide_cut
D:2:      layout_basic, minmay_misc_feat_roman, minmay_misc_feat_ornament,
          chequers_mini_garden

Skill      XL: |  1  2  3 |
---------------+----------+-----
Stealth        | 1 2 |  2.1
Crossbows      | 3 |  3.2
Short Blades   | 1 2 |  2.2
Fighting       | |  1.1
Dodging        | |  2.4
Spellcasting   | |  1.1
Hexes          | |  3.0

Action                   || total
-------------------------++-------
Melee: Dagger            ||   113
       Punch             ||     1
 Fire: Hand crossbow     ||    29
 Stab: Sleeping          ||     6
Armor: Robe              ||    23
Dodge: Dodged            ||   130
